 Dungeon Crawl Stone Soup version 0.31-a0-544-gceb718ecc6 (webtiles) character file.

Game seed: 8879366315661024248

358 ytrimaz the Changeling (level 6, -3/43 HPs)
             Began as a Demonspawn Shapeshifter on Aug 16, 2023.
             Slain by a black bear (11 damage)
             ... on level 5 of the Dungeon.
             The game lasted 00:04:23 (3395 turns).

ytrimaz the Changeling (Demonspawn Shapeshifter)    Turns: 3395, Time: 00:04:24

Health: -3/43      AC:  5    Str: 15    XL:     6   Next: 37%
Magic:  6/6        EV: 11    Int: 10    God:
Gold:   199        SH:  5    Dex: 21    Spells: 5/5 levels left

rFire   . .          .
                       - Unarmed
rCold   . . .        (no shield)
rNeg    . . .        s - +0 ring mail
rPois   .            (helmet restricted)
rElec   .            (no cloak)
rCorr   .            (no gloves)
SInv    .            (no boots)
Will    .....        C - amulet of reflection
Stlth   +            B - +6 ring of dexterity
HPRegen 0.27/turn    (no ring)
MPRegen 0.10/turn

%: reflection
@: no status effects
A: antennae 2, demonic guardian 1, powered by pain 1
a: no special abilities


You were on level 5 of the Dungeon.
You visited 1 branch of the dungeon, and saw 5 of its levels.

You collected 199 gold pieces.


Innate Abilities, Weirdness & Mutations

You have a pair of antennae on your head.
A weak demonic guardian rushes to your aid.
You sometimes gain a little power by taking damage.


   Skills:
 - Level 1.0 Fighting
 - Level 1.7 Dodging
 + Level 4.3 Unarmed Combat
 * Level 4.9 Shapeshifting


You had 5 spell levels left.
You didn't know any spells.
Your spell library contained the following spells:

 Spells                   Type           Power      Damage    Failure   Level
 Scorch                   Fire           0%         2d5       75%         2
 Tukima's Dance           Hex            0%         N/A       92%         3
 Flame Wave               Conj/Fire      0%         2d4       100%        4
 Passage of Golubria      Tloc           0%         N/A       100%        4
 Yara's Violent Unravell  Hex/Tmut       0%         3d3       100%        5
 Summon Cactus Giant      Summ           0%         N/A       100%        6

Inventory:

Armour
 l - a +0 pair of boots
   (You found it on level 1 of the Dungeon)
 r - a +0 pair of gloves
   (You found it on level 2 of the Dungeon)
 s - a +0 ring mail (worn)
   (You found it on level 2 of the Dungeon)
Jewellery
 e - an amulet of the acrobat
   (You found it on level 1 of the Dungeon)
 k - a ring of fire
   (You found it on level 1 of the Dungeon)
 m - an amulet of guardian spirit
   (You found it on level 1 of the Dungeon)
 B - a +6 ring of dexterity (left hand)
   (You found it on level 4 of the Dungeon)
 C - an amulet of reflection (around neck)
   (You found it on level 4 of the Dungeon)
Talismans
 c - a beast talisman
 d - a flux talisman
Scrolls
 g - a scroll of fear
 h - a scroll of enchant armour {unknown}
 o - a scroll of fog
 p - 2 scrolls of noise
 q - a scroll of immolation
 t - a scroll of poison {unknown}
 w - a scroll of acquirement {unknown}
 y - a scroll of teleportation {unknown}
Potions
 a - a potion of cancellation {unknown}
 f - 5 potions of attraction
 i - 2 potions of mutation
 n - a potion of magic
 u - a potion of heal wounds {unknown}
 v - a potion of brilliance {unknown}
 x - a potion of curing
 z - a potion of haste {unknown}
 A - a potion of degeneration {unknown}

Dungeon Overview and Level Annotations

Branches:
Dungeon (5/15) Zot: 26614
 Temple: D:4-7

Altars:

Shops:
D:3 ?((( D:4

[ ............#
............# ..........g.#
...........g# .../....g.g.#
. ....g....g..# ..
.....##.##)## ..##...#
##...##.##h####...##...##+#
#........5@.............#..
#. <....................#..
# .....................+..
...####.#########...##..
########.####.####...##..
#..........†.........
#....................
#.....[..............
#######.####.####...##..


You could see a black bear (berserk, ally target), a gnoll sergeant (fleeing), 3
gnolls and a friendly iron imp (summoned).


Message History

You are too injured to fight recklessly!
Unknown command.
The gnoll attacks as you move away! The gnoll closely misses you.
Your shadow imp hits the gnoll. 😮 HP[+1]
The black bear attacks as you move away!
The black bear bites you but does no damage.
You block the black bear's attack. The black bear claws you.
Your shadow imp hits the black bear. 😮 HP[-1]
You take 1 damage, and now have 29/43 hp.
The black bear attacks as you move away!
The black bear bites you but does no damage.
The black bear misses you.
The black bear claws you but does no damage.
Your shadow imp hits the black bear but does no damage.
Unknown command.
Your shadow imp hits the gnoll.
You hit the gnoll but do no damage. Something misses your shadow imp.
The gnoll closely misses you.
The gnoll hits your shadow imp with a +0 whip! 😮 HP[+1] Unknown command.
You hit the gnoll but do no damage.
Your shadow imp barely misses the gnoll.
The gnoll closely misses you.
You hit the gnoll.
Your shadow imp gestures at the gnoll.
The gnoll writhes in agony.
The gnoll hits you but does no damage.
You hit the gnoll.
You kill the gnoll!
Something hits your shadow imp!
Your shadow imp dies!
Your shadow imp disappears in a puff of smoke!
Unknown command.
You barely miss the black bear. 😮 HP[+1]
You barely miss the black bear. You punch the black bear.
You block the black bear's attack. x2
The black bear claws you but does no damage.
Unknown command.
You hit the black bear. The black bear bites you.
The black bear claws you but does no damage.
The black bear closely misses you. 😮 HP[-2]
You take 2 damage, and now have 29/43 hp.
You hit the black bear. The black bear bites you. The black bear claws you.
* * * LOW HITPOINT WARNING * * *
The black bear claws you but does no damage. 😨 HP[-9]
You take 9 damage, and now have 20/43 hp.
MASSIVE DAMAGE!! (PAUSE)
You barely miss the black bear.
The black bear bites you but does no damage.
The black bear barely misses you.
You block the black bear's attack. 😨 HP[+1] Unknown command.
You punch the black bear! The black bear bites you!
* * * LOW HITPOINT WARNING * * *
The black bear claws you but does no damage.
The black bear barely misses you. 😨 HP[-7]
You take 7 damage, and now have 14/43 hp.
You hit the black bear but do no damage.
The black bear goes berserk!
You hit the black bear but do no damage.
The black bear bites you but does no damage.
The black bear claws you.
* * * LOW HITPOINT WARNING * * *
The black bear claws you but does no damage. 😨 HP[-1]
You take 1 damage, and now have 13/43 hp.
Unknown command.
You completely miss the black bear. The black bear misses you.
The black bear barely misses you. You block the black bear's attack.
The gnoll sergeant hits you from afar with a +1 heavy trident.
* * * LOW HITPOINT WARNING * * *
The black bear bites you.
* * * LOW HITPOINT WARNING * * *
The black bear barely misses you.
The black bear claws you but does no damage. 😱 HP[-4]
You take 4 damage, and now have 9/43 hp.
Unknown command.
As you read the scroll of fear, it crumbles to dust.
You assume a fearsome visage.
The black bear is unaffected.
The gnoll sergeant looks frightened!
The gnoll looks frightened! x3
The black bear bites you.
* * * LOW HITPOINT WARNING * * *
A demonic guardian appears!
The black bear barely misses you. The black bear misses you. 😱 HP[-1]
You take 1 damage, and now have 8/43 hp.
Unknown command.
The black bear attacks as you move away!
The black bear misses you.
The black bear claws you but does no damage.
The black bear barely misses you. The black bear bites you!
You die...

Skill      XL: |  1  2  3  4  5 |
---------------+----------------+-----
Shapeshifting  | 3 4 |  4.9
Unarmed Combat | 3 4 |  4.3
Fighting       | |  1.0
Dodging        | |  1.7

Action                     |  1- 3 |  4- 6 || total
---------------------------+-------+-------++-------
  Melee: Unarmed           |   127 |   144 ||   271
         Punch             |     4 |     4 ||     8
    Use: Scroll            |     7 |     2 ||     9
         Potion            |     1 |     3 ||     4
   Stab: Sleeping          |     2 |       ||     2
 Armour: Animal skin       |    17 |       ||    17
         Ring mail         |     4 |    41 ||    45
         Skin              |       |    18 ||    18
  Dodge: Dodged            |   122 |    91 ||   213
  Block: Other             |       |    13 ||    13
         Form:             |       |     1 ||     1

Levels and vault maps discovered:
D:1:      lightli_arrival_quake, layout_basic, chequers_serial_rivers_large_a
D:2:      layout_rooms, minivault_5
D:3:      layout_loops_ring, serial_shops, shop, shop,
          nicolae_shop_tiny_statue_garden, nicolae_shop_tiny_waterfront,
          nicolae_ecumenical_snake_handling
D:4:      layout_gridville, serial_shops, shop
D:5:      layout_gridville, gup_sewer_entry_glass, uniq_eustachio

Notes
Turn   | Place    | Note
-------+----------+-------------------------------------------
     0 | D:1      | ytrimaz the Demonspawn Shapeshifter began the quest for the
                  | Orb.
     0 | D:1      | Reached XP level 1. HP: 15/15 MP: 1/1
     0 | D:1      | magus.rc [v1.9.6]
   276 | D:1      | Reached skill level 3 in Shapeshifting
   276 | D:1      | Gained mutation: You sometimes gain a little power by
                  | taking damage. [demonic ancestry]
   276 | D:1      | Reached XP level 2. HP: 21/21 MP: 2/2
   482 | D:1      | Reached skill level 3 in Unarmed Combat
   982 | D:2      | Gained mutation: You have a pair of small antennae on your
                  | head. [demonic ancestry]
   982 | D:2      | Reached XP level 3. HP: 24/26 MP: 3/3
  1500 | D:3      | Noticed a scorpion
  1514 | D:3      | Killed a scorpion
  1515 | D:3      | Reached XP level 4. HP: 11/32 MP: 4/4
  1516 | D:3      | HP: 8/32 [poisoned by a scorpion]
  1521 | D:3      | HP: 4/32 [poisoned by a scorpion]
  1730 | D:3      | Found Jalaesoe's Weapon Emporium.
  1731 | D:3      | Found Xuttasu's Antique Weapon Emporium.
  1737 | D:3      | Found Feypt's Antique Weapon Boutique.
  1794 | D:3      | Reached skill level 4 in Shapeshifting
  1829 | D:3      | HP: 8/32 [orc/+0 hand axe (3)]
  1852 | D:3      | Gained mutation: A weak demonic guardian rushes to your
                  | aid. [demonic ancestry]
  1852 | D:3      | Reached XP level 5. HP: 18/37 MP: 5/5
  1978 | D:3      | Found a faded altar of an unknown god.
  2129 | D:3      | Found Kyun's Magic Scroll Shop.
  2231 | D:3      | You pick up a book of Scorching and begin reading...
  2231 | D:3      | You add the spells Scorch, Flame Wave and Summon Cactus
                  | Giant to your library.
  2356 | D:3      | You add the spells Tukima's Dance, Passage of Golubria and
                  | Yara's Violent Unravelling to your library.
  2509 | D:4      | Reached skill level 4 in Unarmed Combat
  2650 | D:4      | Found Pausoe's Armour Shoppe.
  3208 | D:5      | Entered Level 5 of the Dungeon
  3227 | D:5      | Noticed a water moccasin
  3241 | D:5      | Killed a water moccasin
  3242 | D:5      | Gained mutation: You have a pair of antennae on your head.
                  | [demonic ancestry]
  3242 | D:5      | Reached XP level 6. HP: 32/43 MP: 6/6
  3393 | D:5      | HP: 9/43 [black bear (2)]
  3395 | D:5      | Slain by a black bear

Vanquished Creatures
  A water moccasin (D:5)
  A scorpion (D:3)
  An iguana (D:4)
  An orc wizard (D:3)
  A gnoll (D:5)
  5 adders
  3 dart slugs
  5 orcs (D:3)
  4 bats
  6 endoplasms
  5 giant cockroaches
  3 goblins
  6 hobgoblins
  4 jackals (D:2)
  6 kobolds
  8 ball pythons
  5 frilled lizards
  9 rats
74 creatures vanquished.

Vanquished Creatures (collateral kills)
  An ufetubus (D:5)
1 creature vanquished.

Grand Total: 75 creatures vanquished

Table legend:
 A = Non-vault XP
 B = Vault XP
 C = Vault XP percentage of total XP
 D = Non-vault monster count
 E = Vault monster count
 F = Vault count percentage of total count
                 A         B        C        D         E       F
            +---------+---------+-------+---------+---------+-------
      Total |     508 |       4 |   0.8 |      72 |       3 |   4.0
            +---------+---------+-------+---------+---------+-------
        D:1 |      27 |       0 |   0.0 |      17 |       0 |   0.0
        D:2 |      36 |       0 |   0.0 |      20 |       0 |   0.0
        D:3 |     201 |       4 |   2.0 |      23 |       3 |  11.5
        D:4 |      65 |       0 |   0.0 |       9 |       0 |   0.0
        D:5 |     179 |       0 |   0.0 |       3 |       0 |   0.0
            +---------+---------+-------+---------+---------+-------

Skill      XL: |  1  2  3  4  5 |
---------------+----------------+-----
Shapeshifting  | 3 4 |  4.9
Unarmed Combat | 3 4 |  4.3
Fighting       | |  1.0
Dodging        | |  1.7

Action                     |  1- 3 |  4- 6 || total
---------------------------+-------+-------++-------
  Melee: Unarmed           |   127 |   144 ||   271
         Punch             |     4 |     4 ||     8
    Use: Scroll            |     7 |     2 ||     9
         Potion            |     1 |     3 ||     4
   Stab: Sleeping          |     2 |       ||     2
 Armour: Animal skin       |    17 |       ||    17
         Ring mail         |     4 |    41 ||    45
         Skin              |       |    18 ||    18
  Dodge: Dodged            |   122 |    91 ||   213
  Block: Other             |       |    13 ||    13
         Form:             |       |     1 ||     1

Illustrated notes

Table legend:
 A = Kills in this place as a percentage of kills in the entire game.
 B = Kills by you in this place as a percentage of kills by you in the entire game.
 C = Kills by friends in this place as a percentage of kills by friends in the entire game.
 D = Other kills in this place as a percentage of other kills in the entire game.
 E = Experience gained in this place as a percentage of experience gained in the entire game.
 F = Experience gained in this place divided by the number of levels of this place that you have seen.
                   A       B       C       D       E      F
               +-------+-------+-------+-------+-------+----------------------
         Total | 100.0 | 100.0 | 100.0 |   N/A | 100.0 | 102.4
       Dungeon | 100.0 | 100.0 | 100.0 |   N/A | 100.0 | 102.4
               +-------+-------+-------+-------+-------+----------------------

Table legend: (Time is in decaauts)
 A = Elapsed time spent in this place.
 B = Non-inter-level travel time spent in this place.
 C = Inter-level travel time spent in this place.
 D = Time resting spent in this place.
 E = Time spent auto-exploring this place.
 F = Levels seen in this place.
 G = Mean time per level.
                   A        B        C        D        E       F      G
               +--------+--------+--------+--------+--------+-----+--------+
         Total |   3385 |   3322 |     63 |    146 |   2447 |   5 |  677.0 |
       Dungeon |   3385 |   3322 |     63 |    146 |   2447 |   5 |  677.0 |
               +--------+--------+--------+--------+--------+-----+--------+

Top non-repeatable levels by time:
     D:3: 995 daAuts
     D:1: 811 daAuts
     D:4: 727 daAuts
     D:2: 666 daAuts
     D:5: 184 daAuts
